 Dungeon Crawl Stone Soup version 0.23.2-1-ga50397a (webtiles) character file.

Game seed: 17790875782881171876

430639 sankara the Tortoise (level 22, -11/211 HPs)
             Began as a Minotaur Monk on May 4, 2019.
             Was the Champion of Ru.
             Killed from afar by a fire giant (20 damage)
             ... with a bolt of fire
             ... on level 4 of the Depths on May 8, 2019.
             The game lasted 09:42:39 (76900 turns).

sankara the Tortoise (Minotaur Monk)               Turns: 76900, Time: 09:42:40

Health: -11/211    AC: 29    Str: 21    XL:     22   Next: 83%
Magic:  16/21      EV: 19    Int: 14    God:    Ru [******]
Gold:   3107       SH: 15    Dex: 14    Spells: 8/21 levels left

rFire    . . .     SeeInvis .   a - +9 broad axe (chop)
rCold    + . .     Gourm    .   f - +2 shield {reflect}
rNeg     . . .     Faith    .   W - +4 ice dragon scales
rPois    +         Spirit   .   h - +2 hat {Int+3}
rElec    .         Reflect  +   m - +1 cloak {rPois}
rCorr    .         Harm     .   v - +0 pair of gloves
MR       +....                  N - +0 pair of boots
Stlth    ..........             C - amulet of the acrobat
HPRegen  0.45/turn              x - ring of protection from fire {rF+, !d}
MPRegen  0.17/turn              H - ring of protection from fire {rF+, !d}

@: exhausted, horrified, hasted, drained, very quick
A: retaliatory headbutt, horns 2, cowardly, inexperienced 1, temperature
sensitive
}: 2/15 runes: barnacled, gossamer
a: Draw Out Power, Power Leap, Apocalypse, Renounce Religion


You were on level 4 of the Depths.
You worshipped Ru.
Ru was exalted by your worship.
You were not hungry.

You visited 8 branches of the dungeon, and saw 40 of its levels.
You visited the Abyss 2 times.
You also visited: Ice Cave.

You collected 5207 gold pieces.
You spent 2100 gold pieces at shops.

Inventory:

Hand Weapons
 a - a +9 broad axe of chopping (weapon)
   (You took it off a death knight on level 14 of the Dungeon)
 b - the +8 hunting sling of the Lettuce {flame, rN++}
   (You found it on level 1 of the Lair of Beasts)

   It causes projectiles fired from it to burn those they strike, causing extra
   injury to most foes and up to half again as much damage against particularly
   susceptible opponents.
   It greatly protects you from negative energy.
 c - the +4 mace "Farphugro" {holy, rF+ rN++ MR+ Str-2}
   (You found it on level 14 of the Dungeon)

   It has been blessed by the Shining One to cause great damage to the undead
   and demons.
   It affects your strength (-2).
   It protects you from fire.
   It greatly protects you from negative energy.
   It affects your resistance to hostile enchantments.
 d - a +5 demon trident of freezing
   (You took it off a merfolk impaler on level 4 of the Shoals)
Missiles
 n - 94 tomahawks
 p - 607 stones
 y - 31 javelins (quivered)
 M - 12 sling bullets
 Q - 7 throwing nets {=f, !d}
Armour
 f - a +2 shield of reflection (worn)
   (You took it off Donald on level 2 of the Vaults)
 h - a +2 hat of intelligence (worn)
   (You took it off Gastronok on level 1 of the Orcish Mines)
 m - a +1 cloak of poison resistance (worn)
   (You bought it in a shop on level 1 of the Orcish Mines)
 v - a +0 pair of gloves (worn)
   (You found it on level 3 of the Dungeon)
 G - +0 fire dragon scales
   (You found it on level 2 of the Depths)
 N - a +0 pair of boots (worn)
   (You found it on level 2 of the Dungeon)
 W - +4 ice dragon scales (worn)
   (You found it on level 15 of the Dungeon)
Jewellery
 q - an uncursed ring of protection from magic {MR+, !d}
   (You found it on level 14 of the Dungeon)
 w - a +2 amulet of reflection
   (You took it off a deep elf high priest on level 3 of the Depths)
 x - a ring of protection from fire (left hand) {rF+, !d}
   (You found it on level 1 of the Spider Nest)
 C - an amulet of the acrobat (around neck)
   (You found it on level 9 of the Dungeon)
 H - a ring of protection from fire (right hand) {rF+, !d}
   (You found it on level 3 of the Shoals)
 K - an uncursed ring of see invisible {sInv, !d}
   (You found it on level 2 of the Spider Nest)
 L - the ring of Saihabb {rN+ Int+4 Dex+5}
   (You took it off a frost giant on level 4 of the Depths)

   [ring of dexterity]

   It affects your intelligence (+4).
   It affects your dexterity (+5).
   It protects you from negative energy.
Wands
 s - a wand of enslavement (11)
   (You took it off an orc on level 3 of the Dungeon)
 A - a wand of clouds (8)
   (You found it on level 3 of the Shoals)
 B - a wand of digging (12)
   (You found it on level 6 of the Dungeon)
 P - a wand of paralysis (5)
   (You found it on level 2 of the Abyss)
 T - a wand of acid (19)
   (You found it on level 6 of the Lair of Beasts)
Scrolls
 r - 21 scrolls of identify
 u - 25 scrolls of remove curse
 F - 8 scrolls of silence
 I - a scroll of summoning
 O - 6 scrolls of blinking {!r}
 U - 5 scrolls of magic mapping {!r}
 X - 12 scrolls of teleportation
 Y - 10 scrolls of fear
 Z - 8 scrolls of fog
Potions
 e - 14 potions of curing
 i - 2 potions of cancellation
 j - 9 potions of flight
 l - a potion of mutation {!q}
 o - 2 potions of resistance
 t - a potion of brilliance
 J - 5 potions of berserk rage {!q}
 S - 9 potions of haste
 V - 2 potions of might
Miscellaneous
 g - a lamp of fire
   (You found it on level 2 of the Shoals)
 z - 3 phantom mirrors
 D - a box of beasts
 E - a fan of gales
   (You found it on level 3 of the Depths)
Comestibles
 k - 67 rations
 R - 4 chunks of flesh {@w0}


   Skills:
 + Level 20.7(19.4) Fighting
 + Level 20.7(19.4) Axes
 + Level 13.5(12.4) Throwing
 + Level 20.8(19.4) Armour
 + Level 16.7(15.5) Dodging
 - Level 3.0(2.1) Stealth
 - Level 15.0(13.8) Shields
 - Level 5.0(4.0) Charms
 - Level 10.0(8.9) Necromancy


You had 8 spell levels left.
You knew the following spells:

 Your Spells              Type           Power        Failure   Level  Hunger
a - Animate Skeleton      Necr           N/A          1%          1    ##.....
b - Regeneration          Chrm/Necr      ###.......   14%         3    ####...
c - Animate Dead          Necr           N/A          19%         4    #####..
d - Apportation           Tloc           #.....       56%         1    ##.....
e - Passwall              Tmut/Erth      #.......     71%         2    ###....
f - Blink                 Tloc           N/A          71%         2    ###....

Your spell library contained the following spells:

 Spells                   Type           Power        Failure   Level  Hunger
 Pain                     Necr           ###.         1%          1    ##.....
 Vampiric Draining        Necr           ###.......   5%          3    ####...
 Infusion                 Chrm           ##..         14%         1    ##.....
 Song of Slaying          Chrm           ##......     21%         2    ###....
 Shroud of Golubria       Chrm/Tloc      #.........   43%         2    ###....
 Swiftness                Chrm/Air       #.......     43%         2    ###....
 Confusing Touch          Hex            #.....       56%         1    ##.....
 Magic Dart               Conj           #...         56%         1    ##.....
 Summon Small Mammal      Summ           #...         56%         1    ##.....
 Spectral Weapon          Hex/Chrm       #.......     67%         3    ####...
 Call Imp                 Summ           #.......     71%         2    ###....
 Searing Ray              Conj           #.....       71%         2    ###....
 Slow                     Hex            #.......     71%         2    ###....
 Confuse                  Hex            #.......     91%         3    ####...
 Conjure Flame            Conj/Fire      #.......     91%         3    ####...
 Dazzling Spray           Conj/Hex       #.....       91%         3    ####...
 Gell's Gravitas          Tloc           #.........   91%         3    ####...
 Ignite Poison            Fire/Tmut/Pois #.......     91%         3    ####...
 Mephitic Cloud           Conj/Pois/Air  #.......     91%         3    ####...
 Static Discharge         Conj/Air       #.......     91%         3    ####...
 Force Lance              Conj/Tloc      #.......     100%        4    #####..
 Fulminant Prism          Conj/Hex       #.........   100%        4    #####..
 Ice Form                 Ice/Tmut       #.......     100%        4    #####..
 Iskenderun's Mystic Bla  Conj           #.......     100%        4    #####..
 Leda's Liquefaction      Hex/Erth       #.........   100%        4    #####..
 Passage of Golubria      Tloc           N/A          100%        4    #####..
 Petrify                  Tmut/Erth      #.......     100%        4    #####..
 Bolt of Magma            Conj/Fire/Erth #.........   100%        5    ######.
 Fireball                 Conj/Fire      #.........   100%        5    ######.
 Lee's Rapid Deconstruct  Erth           #.........   100%        5    ######.
 Lightning Bolt           Conj/Air       #.........   100%        5    ######.
 Metabolic Englaciation   Hex/Ice        #.........   100%        5    ######.
 Yara's Violent Unravell  Hex/Tmut       #.........   100%        5    ######.
 Bolt of Cold             Conj/Ice       #.........   100%        6    #######
 Bolt of Fire             Conj/Fire      #.........   100%        6    #######
 Darkness                 Hex            #.........   100%        6    #######
 Freezing Cloud           Conj/Ice/Air   #.........   100%        6    #######
 Invisibility             Hex            #.......     100%        6    #######
 Iron Shot                Conj/Erth      #.........   100%        6    #######
 Ozocubu's Refrigeration  Ice            #.........   100%        6    #######
 Simulacrum               Ice/Necr       ##........   100%        6    #######
 Statue Form              Tmut/Erth      #........    100%        6    #######
 Malign Gateway           Summ/Tloc      #.........   100%        7    #######
 Monstrous Menagerie      Summ           #.........   100%        7    #######
 Ring of Flames           Chrm/Fire      #.........   100%        7    #######
 Summon Greater Demon     Summ           #.........   100%        7    #######
 Ignition                 Fire           #.........   100%        8    #######
 Summon Horrible Things   Summ           #.........   100%        8    #######
 Shatter                  Erth           #.........   100%        9    #######
 Tornado                  Air            #.........   100%        9    #######


Dungeon Overview and Level Annotations

Branches:
Dungeon (15/15)            Temple (1/1) D:4            Lair (6/6) D:10
 Shoals (4/4) Lair:2       Spider (4/4) Lair:3        Slime (0/5) Lair:5
    Orc (2/2) D:12            Elf (0/3) Orc:2        Vaults (4/5) D:14
  Crypt (0/3) Vaults:3     Depths (4/5) D:15

Altars:
Ashenzari
Cheibriados
Dithmenos
Elyvilon
Fedhas
Gozag
Hepliaklqana
Kikubaaqudgha
Makhleb
Nemelex Xobeh
Okawaru
Qazlal
Ru
Sif Muna
Trog
Uskayaw
Vehumet
Wu Jian
Xom
Yredelemnul
Zin
The Shining One
Beogh
Lugonu

Shops:
D:12 [(   D:14 *   Orc:1 [   Orc:2 ?[[(   Shoals:3 }

Portals:
Hell: Depths:1 Depths:2 Depths:3 Depths:4
Abyss: Depths:2 Depths:3 Depths:4
Pandemonium: Depths:1 Depths:2 Depths:3
Ziggurat: Depths:3
Trove: Depths:2 (give 2 scrolls of acquirement)

Annotations:
D:4 3 runed translucent doors, schauveau's ghost, amateur GrGl
D:8 3 runed translucent doors, dvd's ghost, novice DEVM
Depths:2 1 runed translucent door


Innate Abilities, Weirdness & Mutations

You reflexively headbutt those who attack you in melee.
You have a pair of horns on your head.
Your cowardice makes you less effective in combat with threatening monsters.
You are somewhat inexperienced. (-2 XL)
You are sensitive to extremes of temperature. (rF-, rC-)


Message History

You catch the helpless storm dragon completely off-guard!
You hit the storm dragon.
You kill the storm dragon!
The storm dragon scales are intact enough to wear.
You barely miss the titan. You headbutt the titan!
The titan is moderately wounded.
You barely miss the titan. Your headbutt misses the titan.
The titan is moderately wounded.
The titan is stunned by your will and fails to attack.
The titan begins to cast a spell, but is stunned by your will!
Your frost giant skeleton hits the titan but does no damage.
You barely miss the titan.
The titan is moderately wounded.
You feel a twist of horror at the sight of this foe.
You hit the titan. You headbutt the titan!
The titan is lightly wounded.
You slice the titan!!
Your frost giant skeleton hits the titan with a +0 battleaxe of freezing!
Your frost giant skeleton freezes the titan!
Your frost giant skeleton hits the titan but does no damage.
The titan waves its arms in wide circles.
The air twists around and strikes you!
You hit the titan but do no damage.
You headbutt the titan, but do no damage.
The titan is almost dead.
You hit the titan but do no damage.
The titan gestures at you while chanting.
The bolt of lightning hits the titan.
The titan completely resists.
The bolt of lightning hits you!!! x2
* * * LOW HITPOINT WARNING * * *
The bolt of lightning hits the titan.
The titan completely resists.
The bolt of lightning hits the titan.
The titan completely resists.
The titan hits your frost giant skeleton but does no damage.
You reveal the great annihilating truth to your foes!
You kill the titan! x2
You feel drained.
You hear a shout! x4
The titan hits you.
* * * LOW HITPOINT WARNING * * *
Your frost giant skeleton hits the titan but does no damage.
You slash the titan! You headbutt the titan.
You kill the titan!
A titan comes into view.
You feel better.
The titan is stunned by your will and fails to attack.
The titan hits your frost giant skeleton!
Your frost giant skeleton hits the titan with a +0 battleaxe of freezing.
Your frost giant skeleton freezes the titan.
The titan begins to cast a spell, but is stunned by your will!
A centaur warrior comes into view. It is wielding a staff of energy.
The centaur warrior shouts!
The centaur warrior wields a +0 longbow.
The centaur warrior shoots an arrow.
You reflect the arrow off your +2 shield of reflection!
The arrow barely misses the centaur warrior.
Something hits your frost giant skeleton.
A fire giant and a frost giant come into view.
The fire giant is wielding a +0 great sword of flaming.
The frost giant is wielding a +2 battleaxe of freezing.
The fire giant shouts!
The frost giant shouts!
The frost giant begins to cast a spell, but is stunned by your will!
You feel a twist of horror at the sight of this foe.
The frost giant points at you and mumbles some strange words.
The bolt of cold misses you. x2
The centaur warrior wields a +0 longbow.
The centaur warrior shoots an arrow.
You reflect the arrow off your +2 shield of reflection!
The arrow completely misses the centaur warrior.
You redirect the frost giant's attack!
The frost giant points at the fire giant and mumbles some strange words.
The bolt of cold hits the fire giant! x2
You redirect the fire giant's attack!
You feel a twist of horror at the sight of this foe.
The centaur warrior unwields a +0 longbow.
The centaur warrior wields an uncursed staff of energy.
The centaur warrior barely misses you.
Okay, then.
Evoke which item? (* to show all) (? for menu, Esc to quit)
You open the lid... ...and a larval batox beast flies out!
The centaur warrior hits you but does no damage.
You feel a twist of horror at the sight of this foe.
Drop what? 52/52 slots (_ for help) (? for menu, Esc to quit)
Okay, then.
Unknown command.
You feel yourself speed up.
Your larval batox beast closely misses the centaur warrior.
Your larval batox beast tramples the centaur warrior but does no damage.
The centaur warrior is stunned by your will and fails to attack.
The fire giant gestures at you while chanting.
The bolt of fire hits you!!!
* * * LOW HITPOINT WARNING * * *
The bolt of fire misses you.
The bolt of fire hits the fire giant.
The fire giant resists.
The centaur warrior is stunned by your will and fails to attack.
You feel better.
Your larval batox beast barely misses the centaur warrior.
Your larval batox beast tramples the centaur warrior but does no damage.
The centaur warrior hits you but does no damage.
The fire giant casts a spell at you. The bolt of fire misses you.
The bolt of fire hits you!!
You die...

#.†.# #...# . ####Z#####.####
.. #.#.#.#.#c#(#.#.#.# ##
#...###...###.).#
#.###.#.#.#.#.#.#.## #####..
####Z#####.#### #..##.C #...#
#...# ###..##.C#####.#####Z####
##....# #.#@#(###.#.#.#.#.#
##.....# ##CHc###...###...#
##......# ##.###.#.#.#.#.#.#
#.......# ####.#####.####
##......# #...# #...# #..∩...#
#...# #...# ##.....# #...#
#...#
##....########...###)..######
###............................


You could see a fire giant, a centaur warrior and a friendly larval batox beast.

Vanquished Creatures
  Boris (twice) (Vaults:3 Depths:3)
  Frederick (Depths:4)
  Jory (Depths:3)
  Arachne (Spider:2)
  Rupert (Vaults:2)
  Jorgrun (D:12)
  6 liches
  Asterion (Vaults:2)
  3 titans (Depths:4)
  Gastronok (Orc:1)
  2 sphinxes
  3 storm dragons
  Donald (Vaults:2)
  Roxanne (Shoals:2)
  Kirke (Shoals:2)
  The ghost of Aske the Warrior, an adept GrGl of Ashenzari (Shoals:3)
  4 tengu reavers
  Ilsuiw (Shoals:2)
  6 ghost moths
  4 fire giants
  3 orc warlords
  Louise (Shoals:2)
  9 frost giants
  A deep elf elementalist (Abyss:3)
  A deep elf sorcerer (Vaults:4)
  5 emperor scorpions
  10 vault wardens
  A ghoul (Vaults:3)
  8 ironheart preservers
  2 spriggan defenders
  13 stone giants
  6 entropy weavers
  9 very ugly things
  2 reapers
  2 deep elf demonologists (Vaults:2)
  3 vampire knights
  2 deep elf annihilators
  8 spark wasps
  A deep elf death mage (Vaults:4)
  3 merfolk javelineers
  4 merfolk impalers
  10 ettins
  A green death (Abyss:3)
  9 fire dragons
  8 yaktaur captains
  6 great orbs of eyes
  A hydra (Lair:3)
  4 vault guards
  Erolcha (D:12)
  4 spriggan air magi
  11 ice dragons
  6 rakshasas
  A catoblepas (Shoals:2)
  5 merfolk aquamancers
  Erica (D:11)
  24 two-headed ogres
  8 centaur warriors
  2 merfolk avatars
  6 deep troll shamans
  3 tengu warriors
  3 death knights
  4 death yaks
  An orc high priest (Orc:2)
  2 satyrs
  7 deep troll earth magi
  6 ogre magi
  A queen ant (Spider:3)
  2 spriggan berserkers
  2 vampire magi
  2 thrashing horrors
  A wretched star (Abyss:3)
  5 deep elf knights
  3 shadow wraiths
  12 sea snakes
  16 skeletal warriors
  A storm dragon skeleton (Vaults:3)
  A spatial maelstrom (Abyss:2)
  2 unseen horrors (Vaults:1)
  5 iron trolls
  An unseen horror (shapeshifter) (Vaults:2)
  19 deep trolls
  2 glowing orange brains (Depths:2)
  A wizard (Vaults:2)
  2 flayed ghosts (Vaults:4)
  3 phantasmal warriors
  A lindwurm (shapeshifter) (Vaults:4)
  8 harpies
  4 ironbrand convokers
  A tengu zombie (Depths:2)
  3 necromancers
  38 wolf spiders
  17 orb spiders
  5 deep elf archers
  A wolf spider zombie (D:14)
  Pikel (D:9)
  5 orc knights
  11 deep elf magi
  An orange crystal statue (Depths:1)
  A stone giant zombie (Depths:2)
  2 orc sorcerers (Orc:2)
  An oklob plant (Lair:6)
  62 ugly things
  15 manticores
  12 fauns
  A tengu skeleton (Vaults:3)
  45 slime creatures
  A shining eye (shapeshifter) (Vaults:4)
  A salamander (shapeshifter) (Depths:3)
  2 frost giant skeletons (Vaults:3)
  2 worldbinders
  7 cyclopes
  2 fire giant skeletons
  3 smoke demons
  3 black mambas
  3 eyes of devastation (Depths:2)
  3 water nymphs
  13 merfolk sirens
  4 human skeletons (Vaults:3)
  A water nymph (shapeshifter) (Vaults:4)
  Maurice (D:13)
  2 moths of wrath (Spider:4)
  Joseph (D:7)
  2 stone giant skeletons (Vaults:3)
  An orange demon (Depths:3)
  An apocalypse crab (Abyss:3)
  2 centaur zombies (D:14)
  5 torpor snails
  11 spiny frogs
  6 vault sentinels
  2 spectral sea snakes
  A yaktaur zombie (Vaults:3)
  A rime drake (IceCv)
  A rime drake (shapeshifter) (Depths:2)
  9 freezing wraiths
  10 komodo dragons
  20 demonic crawlers
  3 ancient zymes
  A hellwing (Depths:1)
  An ice devil (Depths:2)
  39 yaktaurs
  A spectral water nymph (Shoals:3)
  7 trolls
  A yaktaur skeleton (Vaults:3)
  A red devil (Depths:3)
  3 spectral merfolk (Shoals:3)
  A meliai (shapeshifter) (Depths:1)
  25 merfolk
  A redback zombie (D:15)
  A troll (shapeshifter) (Vaults:2)
  36 jumping spiders
  7 wind drakes
  3 tengu conjurers
  23 polar bears
  A tengu simulacrum (Vaults:3)
  Prince Ribbit (D:7)
  4 blink frogs (Lair:6)
  A raiju (shapeshifter) (Vaults:4)
  11 hippogriffs
  13 snapping turtles
  A raiju (Abyss:2)
  14 hornets
  10 dream sheep
  6 large abominations
  A redback (shapeshifter) (Vaults:3)
  89 redbacks
  13 water elementals
  A spriggan (shapeshifter) (Depths:3)
  5 wraiths
  A tarantella (shapeshifter) (Depths:2)
  28 tarantellas
  An ettin skeleton (Vaults:3)
  12 spriggans
  3 ynoxinuls
  Eustachio (D:5)
  60 yaks
  3 wyverns
  4 basilisks
  2 fire bats (Abyss:2)
  5 hogs (Shoals:2)
  A hungry ghost (Abyss:2)
  3 golden eyes (Depths:2)
  4 chaos spawn
  A neqoxec (Abyss:3)
  A steam dragon (D:10)
  A harpy simulacrum (Shoals:3)
  6 vampire mosquitoes
  4 wargs
  A spatial vortex (Abyss:2)
  3 acid dragons
  4 small abominations
  5 water moccasins
  24 soldier ants (Spider:3)
  A floating eye (shapeshifter) (Depths:1)
  4 floating eyes
  7 porcupines
  40 orc warriors
  2 sky beasts
  2 elf zombies (Vaults:4)
  A hell hound (Abyss:3)
  An ice beast (shapeshifter) (Vaults:3)
  7 ice beasts
  An ettin simulacrum (Depths:2)
  3 slaves (D:9)
  A black bear (Lair:6)
  2 eyes of draining
  2 necrophages (D:8)
  25 ogres
  32 wolves
  13 boggarts
  4 phantoms
  2 human zombies
  28 centaurs
  10 crocodiles
  20 bullfrogs
  5 big kobolds
  2 merfolk simulacra (Shoals:3)
  A wyvern zombie (D:14)
  A wyvern skeleton (D:14)
  6 scorpions
  A human simulacrum (Vaults:3)
  7 killer bees
  3 wights (D:14)
  An electric eel (Spider:1)
  3 howler monkeys
  6 starcursed masses (Abyss:3)
  9 crimson imps
  3 quasits
  7 jellies
  6 centaur skeletons
  28 orc priests
  4 bullfrog skeletons
  8 hounds
  38 orc wizards
  13 iguanas
  30 worker ants
  2 hound zombies (D:7)
  A hound skeleton (D:4)
  A worker ant zombie (D:9)
  2 howler monkey skeletons
  5 gnolls
  12 adders
  3 river rats (D:10)
  4 shadow imps
  An ufetubus (Abyss:2)
  4 oozes (Lair:5)
  An adder zombie (D:8)
  4 worms
  2 dart slugs
  5 leopard geckos
  128 orcs
  9 bats
  9 giant cockroaches
  15 hobgoblins
  18 jackals
  28 kobolds
  6 quokkas
  A ball python (D:3)
  3 frilled lizards
  14 goblins
  A leopard gecko skeleton (D:8)
  A quokka skeleton (D:7)
  5 rats
  3 crawling corpses
  2 fungi
  19 plants
  A tentacle (Shoals:4)
1910 creatures vanquished.

Vanquished Creatures (collateral kills)
  A caustic shrike (Depths:3)
  A lich (Depths:3)
  A sphinx (Depths:2)
  A tengu reaver (Depths:3)
  A fire giant (Depths:4)
  3 frost giants
  A vault warden (Vaults:4)
  An ironheart preserver (Vaults:4)
  2 stone giants (Depths:3)
  A very ugly thing (Depths:2)
  2 entropy weavers
  Snorg (Orc:1)
  3 fire dragons
  3 ogre magi
  A deep elf high priest (Depths:3)
  A merfolk impaler (Shoals:4)
  2 vault guards (Vaults:4)
  2 merfolk avatars
  An ice dragon (Depths:1)
  A two-headed ogre (D:14)
  4 merfolk aquamancers
  4 death yaks
  A deep troll earth mage (Depths:2)
  2 sea snakes (Shoals:2)
  3 skeletal warriors
  3 deep trolls
  A swamp dragon (shapeshifter) (Depths:3)
  A flayed ghost (Vaults:4)
  2 deep elf archers (Vaults:1)
  A deep elf mage (Vaults:2)
  An orc knight (Orc:2)
  4 harpies
  6 ugly things
  2 manticores
  A faun (Shoals:1)
  2 large abominations (Abyss:3)
  A cyclops (Shoals:2)
  A black mamba (Lair:6)
  6 merfolk sirens
  5 water nymphs
  A torpor snail (Lair:6)
  3 yaktaurs (Vaults:4)
  A spriggan skeleton (Depths:2)
  A kobold demonologist (D:15)
  2 komodo dragons
  An ancient zyme (Abyss:3)
  A polar bear (Lair:4)
  4 merfolk
  A tengu conjurer (Depths:2)
  2 wind drakes
  6 dream sheep
  A snapping turtle (Shoals:2)
  4 hippogriffs
  7 slime creatures
  2 spriggans
  A wraith (D:12)
  2 yaks
  A basilisk (Lair:3)
  3 vampire mosquitoes (D:12)
  A water moccasin (Lair:3)
  3 orc warriors (Orc:2)
  A black bear (Lair:6)
  2 ogres
  An eye of draining (D:12)
  7 wolves
  A centaur (Shoals:4)
  A scorpion (Lair:3)
  3 orc priests (Orc:2)
  An iguana (Lair:1)
  An ufetubus (Abyss:3)
  An ooze (Lair:5)
  5 orcs
  3 fungi
  3 plants
159 creatures vanquished.

Vanquished Creatures (others)
  A lich (Depths:3)
  Polyphemus (Shoals:2)
  A kraken (Shoals:4)
  A frost giant (Depths:4)
  A vault warden (Vaults:1)
  A ghost moth (Spider:4)
  3 stone giants
  An entropy weaver (Spider:3)
  A very ugly thing (Depths:1)
  A merfolk javelineer (Shoals:2)
  A deep elf high priest (Depths:3)
  A yaktaur captain (Depths:3)
  A hydra (D:14)
  A centaur warrior (D:15)
  2 death yaks (D:9)
  A sixfirhy (Abyss:3)
  2 deep trolls
  A harpy (Vaults:3)
  3 wolf spiders
  An orc sorcerer (Orc:1)
  A manticore (Shoals:3)
  A centaur zombie (D:15)
  A vault sentinel (Vaults:4)
  A spiny frog (Lair:3)
  5 yaktaurs
  A freezing wraith (Vaults:2)
  2 jumping spiders (Spider:4)
  3 redbacks
  2 yaks
  A wyvern (D:14)
  A hog (Shoals:2)
  A vampire mosquito (D:14)
  A floating eye (D:14)
  4 orc warriors (Orc:2)
  4 ogres
  A wolf (IceCv)
  An orc wizard (Orc:2)
  2 orcs
  A crawling corpse (Depths:3)
  4 fungi
  A lurking horror (Abyss:2)
  4 plants
  2 starspawn tentacles (Abyss:2)
  10 tentacles (Shoals:4)
81 creatures vanquished.

Grand Total: 2150 creatures vanquished

Notes
Turn   | Place    | Note
-------+----------+-------------------------------------------
     0 | D:1      | sankara the Minotaur Monk began the quest for the Orb.
     0 | D:1      | Reached XP level 1. HP: 19/19 MP: 0/0
   207 | D:1      | Reached XP level 2. HP: 27/27 MP: 1/1
   210 | D:1      | Reached skill level 4 in Axes
  1049 | D:2      | Reached skill level 4 in Fighting
  1049 | D:2      | Reached XP level 3. HP: 29/33 MP: 2/2
  1059 | D:2      | HP: 8/33 [gnoll/+0 halberd (1)]
  1060 | D:2      | Reached skill level 1 in Armour
  1400 | D:2      | Found a sacrificial altar of Ru.
  1405 | D:2      | Became a worshipper of Ru the Awakened
  1407 | D:2      | Gained mutation: You are somewhat inexperienced. (-2 XL)
                  | [Ru sacrifice]
  1407 | D:2      | Reached XP level 2. HP: 27/27 MP: 10/10
  1407 | D:2      | Reached XP level 1. HP: 20/20 MP: 9/9
  1407 | D:2      | Reached * piety under Ru
  1407 | D:2      | Reached ** piety under Ru
  1485 | D:2      | Reached XP level 2. HP: 27/27 MP: 1/1
  1768 | D:2      | Found a deep blue altar of Sif Muna.
  1878 | D:3      | Reached XP level 3. HP: 26/34 MP: 2/2
  1878 | D:3      | Reached skill level 1 in Throwing
  2125 | D:3      | Reached skill level 5 in Axes
  2125 | D:3      | Reached skill level 4 in Dodging
  2125 | D:3      | Reached XP level 4. HP: 41/41 MP: 3/3
  2134 | D:3      | Found an opulent altar of Gozag.
  2185 | D:3      | HP: 8/41 [orc priest/divine providence (16)]
  2450 | D:3      | Reached skill level 2 in Armour
  2450 | D:3      | Reached XP level 5. HP: 24/47 MP: 4/4
  2717 | D:3      | Found a snail-covered altar of Cheibriados.
  2762 | D:3      | Reached skill level 2 in Throwing
  3272 | D:4      | Found a runed translucent gate.
  3273 | D:4      | Found a runed translucent gate.
  3273 | D:4      | Found a runed translucent gate.
  3273 | D:4      | Noticed schauveau's ghost (amateur GrGl)
  3283 | D:4      | Noticed an ogre
  3288 | D:4      | Killed an ogre
  3288 | D:4      | Reached skill level 5 in Fighting
  3288 | D:4      | Reached XP level 6. HP: 38/56 MP: 5/5
  3303 | D:4      | Reached skill level 6 in Axes
  3327 | D:4      | Reached skill level 3 in Armour
  3588 | D:4      | Found a staircase to the Ecumenical Temple.
  3599 | Temple   | Entered the Ecumenical Temple
  3705 | D:4      | Reached XP level 7. HP: 61/61 MP: 6/6
  3934 | D:4      | Gained mutation: Your cowardice makes you less effective in
                  | combat with threatening monsters. [Ru sacrifice]
  3934 | D:4      | Reached *** piety under Ru
  3934 | D:4      | Reached **** piety under Ru
  3961 | D:4      | Found an iron altar of Okawaru.
  4006 | D:5      | Entered Level 5 of the Dungeon
  4025 | D:5      | Reached skill level 3 in Throwing
  4049 | D:5      | Reached skill level 7 in Axes
  4178 | D:5      | Noticed Eustachio
  4204 | D:5      | Killed Eustachio
  4204 | D:5      | Reached skill level 6 in Fighting
  4204 | D:5      | Reached skill level 4 in Armour
  4401 | D:5      | Reached skill level 8 in Axes
  4476 | D:5      | Reached XP level 8. HP: 71/71 MP: 7/7
  4682 | D:5      | Reached skill level 5 in Armour
  4827 | D:5      | You fall through a shaft for 2 floors!
  4876 | D:7      | Reached skill level 9 in Axes
  4901 | D:7      | Noticed a hippogriff
  4913 | D:7      | Killed a hippogriff
  4913 | D:7      | Reached skill level 7 in Fighting
  4940 | D:7      | Noticed Joseph
  5473 | D:7      | Reached skill level 6 in Armour
  5487 | D:7      | Killed Joseph
  5487 | D:7      | Reached skill level 10 in Axes
  5487 | D:7      | Reached XP level 9. HP: 42/80 MP: 8/8
  5666 | D:7      | Noticed Prince Ribbit
  5671 | D:7      | Killed Prince Ribbit
  5671 | D:7      | Reached skill level 8 in Fighting
  5718 | D:7      | Reached skill level 7 in Armour
  5846 | D:7      | Reached skill level 11 in Axes
  6023 | D:6      | Found an iron altar of Okawaru.
  6047 | D:6      | Found a stormy altar of Qazlal.
  6327 | D:6      | Gained mutation: You are sensitive to extremes of
                  | temperature. (rF-, rC-) [Ru sacrifice]
  6327 | D:6      | Reached ***** piety under Ru
  6327 | D:6      | Reached ****** piety under Ru
  7316 | D:8      | Found an ancient bone altar of Kikubaaqudgha.
  7343 | D:8      | Learned a level 1 spell: Animate Skeleton
  7347 | D:8      | Learned a level 3 spell: Regeneration
  7419 | D:8      | Reached skill level 9 in Fighting
  7419 | D:8      | Reached XP level 10. HP: 90/90 MP: 9/9
  7737 | D:8      | Found a runed translucent gate.
  7746 | D:8      | Found a runed translucent gate.
  7746 | D:8      | Found a runed translucent gate.
  7748 | D:8      | Found an opulent altar of Gozag.
  7749 | D:8      | Noticed dvd's ghost (novice DEVM)
  7788 | D:8      | Reached skill level 5 in Dodging
  8012 | D:9      | Reached skill level 4 in Throwing
  8058 | D:9      | Reached skill level 12 in Axes
  8172 | D:9      | Noticed Pikel
  8199 | D:9      | Killed Pikel
  8199 | D:9      | Reached skill level 8 in Armour
  8988 | D:9      | Found a hazy altar of Hepliaklqana.
  9015 | D:9      | Found an opulent altar of Gozag.
  9028 | D:9      | Found a burning altar of Makhleb.
  9051 | D:9      | Found a hide-covered altar of Uskayaw.
  9064 | D:9      | Found a bloodstained altar of Trog.
  9074 | D:9      | Found a basalt altar of Yredelemnul.
  9119 | D:10     | Entered Level 10 of the Dungeon
  9337 | D:10     | Reached skill level 5 in Throwing
  9436 | D:10     | Found a staircase to the Lair.
  9445 | D:10     | Reached skill level 6 in Dodging
  9447 | D:10     | Noticed a death yak
  9447 | D:10     | Noticed a death yak
  9479 | D:9      | Killed a death yak
  9479 | D:9      | Reached skill level 13 in Axes
  9644 | D:10     | Noticed a death yak
  9726 | D:10     | Reached XP level 11. HP: 87/98 MP: 10/10
  9804 | D:10     | Reached skill level 10 in Fighting
  9910 | D:10     | Reached skill level 9 in Armour
 10306 | D:9      | Killed a death yak
 10306 | D:9      | Reached skill level 2 in Stealth
 10480 | D:9      | Killed a death yak
 11088 | Lair:1   | Entered Level 1 of the Lair of Beasts
 11286 | Lair:1   | Reached skill level 1 in Necromancy
 11541 | Lair:1   | Reached skill level 6 in Throwing
 11663 | Lair:1   | Reached skill level 7 in Dodging
 11723 | Lair:1   | Reached skill level 3 in Stealth
 11823 | Lair:1   | Got an iridescent hunting sling
 11824 | Lair:1   | Identified the +8 hunting sling of the Lettuce {flame,
                  | rN++} (You found it on level 1 of the Lair of Beasts)
 12245 | Lair:2   | Reached skill level 14 in Axes
 12343 | Lair:2   | Reached skill level 2 in Necromancy
 12947 | Lair:2   | Reached XP level 12. HP: 79/107 MP: 11/11
 13444 | Lair:2   | Found a staircase to the Shoals.
 13812 | Lair:3   | Reached skill level 10 in Armour
 14082 | Lair:3   | Reached skill level 11 in Fighting
 14358 | Lair:3   | Found a hole to the Spider Nest.
 14373 | Lair:3   | Reached skill level 7 in Throwing
 14373 | Lair:3   | Reached skill level 3 in Necromancy
 14391 | Lair:3   | Reached skill level 8 in Dodging
 14798 | Lair:3   | Noticed a four-headed hydra
 14807 | Lair:3   | Killed a four-headed hydra
 15318 | Lair:4   | Reached skill level 15 in Axes
 16167 | Lair:4   | Reached skill level 1 in Shields
 16701 | Lair:5   | Identified a scroll of acquirement
 16788 | Lair:5   | Found a staircase to the Slime Pits.
 17200 | Lair:5   | Reached skill level 2 in Shields
 17542 | Lair:6   | Entered Level 6 of the Lair of Beasts
 17570 | Lair:5   | Reached XP level 13. HP: 59/117 MP: 12/12
 17900 | Lair:6   | Reached skill level 9 in Dodging
 18001 | Lair:6   | Reached skill level 8 in Throwing
 18064 | Lair:6   | Reached skill level 12 in Fighting
 18064 | Lair:6   | Reached skill level 3 in Shields
 18524 | Lair:6   | Reached skill level 16 in Axes
 18640 | Lair:6   | Reached skill level 4 in Necromancy
 18644 | Lair:6   | Reached skill level 4 in Shields
 20130 | D:11     | Reached skill level 5 in Shields
 20441 | D:11     | Noticed Erica
 20449 | D:11     | Reached skill level 9 in Throwing
 20462 | D:11     | Killed Erica
 20462 | D:11     | Reached skill level 10 in Dodging
 21237 | D:12     | Noticed Jorgrun
 21279 | D:12     | Killed Jorgrun
 21279 | D:12     | Reached skill level 13 in Fighting
 21283 | D:12     | HP: 43/183 [wyvern (8)]
 21291 | D:12     | HP: 29/183 [centaur (4)]
 21293 | D:12     | HP: 11/122 [centaur/arrow (7)]
 21302 | D:12     | HP: 23/122 [centaur/arrow (11)]
 21653 | D:12     | Reached XP level 14. HP: 121/129 MP: 13/13
 21687 | D:12     | Reached skill level 5 in Necromancy
 21721 | D:12     | Reached skill level 11 in Armour
 21761 | D:12     | Found Nuzxiz's Armour Emporium.
 21764 | D:12     | Found a staircase to the Orcish Mines.
 21766 | D:12     | Found Sonn's Weapon Emporium.
 22245 | D:12     | Noticed Erolcha
 22263 | D:12     | Killed Erolcha
 22500 | Orc:1    | Entered Level 1 of the Orcish Mines
 22505 | Orc:1    | Found Kafiohog's Antique Armour Shoppe.
 22605 | Orc:1    | Noticed Gastronok
 22634 | Orc:1    | Killed Gastronok
 22675 | Orc:1    | Bought a glowing cloak for 172 gold pieces
 22870 | Orc:2    | Entered Level 2 of the Orcish Mines
 22872 | Orc:2    | Noticed an orc warlord
 22996 | Orc:2    | Reached skill level 14 in Fighting
 23017 | Orc:2    | Killed an orc warlord
 23017 | Orc:2    | Reached skill level 12 in Armour
 23241 | Orc:2    | Found a frozen archway.
 23291 | Orc:2    | HP: 29/132 [ice dragon (7)]
 23478 | IceCv    | Entered an ice cave
 24051 | IceCv    | Noticed a frost giant
 24083 | IceCv    | Killed a frost giant
 24083 | IceCv    | Reached skill level 13 in Armour
 24125 | IceCv    | Reached skill level 15 in Fighting
 24167 | IceCv    | Got an encrusted leather armour
 24393 | Orc:2    | Identified the +2 leather armour of Menkaxt {Int+2} (You
                  | found it in an ice cave)
 24438 | Orc:2    | Found a roughly hewn altar of Beogh.
 24639 | Orc:2    | Found a roughly hewn altar of Beogh.
 24690 | Orc:2    | Found a roughly hewn altar of Beogh.
 24725 | Orc:2    | Found a staircase to the Elven Halls.
 24774 | Orc:2    | Found a roughly hewn altar of Beogh.
 24827 | Orc:2    | Noticed an orc warlord
 24914 | Orc:1    | Killed an orc warlord
 25374 | Orc:2    | Found a roughly hewn altar of Beogh.
 25397 | Orc:2    | Found Engiac's Antique Armour Emporium.
 25473 | Orc:2    | Found a roughly hewn altar of Beogh.
 25493 | Orc:2    | Reached skill level 14 in Armour
 25496 | Orc:2    | Found Eqesauhi's Magic Scroll Shop.
 25738 | Orc:2    | Found Yngie's Antique Weapon Emporium.
 25740 | Orc:2    | Found a roughly hewn altar of Beogh.
 25747 | Orc:2    | Found Rarghi's Antique Armour Shoppe.
 25937 | Orc:2    | Bought a scroll of acquirement for 676 gold pieces
 25939 | Orc:2    | Got a shimmering bardiche
 25940 | Orc:2    | Identified the +6 bardiche of Virtue {chop, rElec} (You
                  | acquired it on level 2 of the Orcish Mines)
 25942 | Orc:2    | Bought a scroll of amnesia for 45 gold pieces
 25942 | Orc:2    | Bought a scroll of magic mapping for 45 gold pieces
 25942 | Orc:2    | Bought a scroll of enchant armour for 97 gold pieces
 25942 | Orc:2    | Bought a scroll of amnesia for 45 gold pieces
 25942 | Orc:2    | Bought a scroll of fear for 45 gold pieces
 25942 | Orc:2    | Bought a scroll of summoning for 123 gold pieces
 25942 | Orc:2    | Bought a scroll of fear for 45 gold pieces
 25942 | Orc:2    | Bought a scroll of identify for 26 gold pieces
 25975 | Orc:2    | Bought a shiny buckler for 210 gold pieces
 26142 | D:13     | Noticed Maurice
 26168 | D:13     | Killed Maurice
 26326 | D:13     | Got a serpentine lead ring
 26327 | D:13     | Identified the ring "Ymunap" {Ice rN+ Stlth+} (You found it
                  | on level 13 of the Dungeon)
 26575 | D:13     | Found a roughly hewn altar of Beogh.
 26846 | D:14     | Reached XP level 15. HP: 84/141 MP: 14/14
 27219 | D:14     | Reached skill level 15 in Armour
 27452 | D:14     | Paralysed by a floating eye for 2 turns
 27504 | D:14     | Paralysed by a floating eye for 3 turns
 27527 | D:14     | Paralysed by a floating eye for 2 turns
 27535 | D:14     | Paralysed by a floating eye for 4 turns
 27683 | D:14     | Found a gate to the Vaults.
 27699 | D:14     | Identified the cursed +0 large shield of Marbles {rElec
                  | MP+9} (You found it on level 14 of the Dungeon)
 27792 | D:14     | Got a twisted mace
 28119 | D:14     | Found Qex Soti's Assorted Antiques.
 28124 | D:14     | Bought a scroll of identify for 68 gold pieces
 28124 | D:14     | Bought a scroll of blinking for 255 gold pieces
 28335 | D:15     | Entered Level 15 of the Dungeon
 28769 | D:15     | HP: 28/141 [white ugly thing (15)]
 28795 | D:15     | HP: 30/141 [purple ugly thing (7)]
 29348 | D:15     | Found a sparkling altar of Nemelex Xobeh.
 30192 | D:15     | Found a staircase to the Depths.
 30635 | Orc:1    | Identified the +4 mace "Farphugro" {holy, rF+ rN++ MR+
                  | Str-2} (You found it on level 14 of the Dungeon)
 30785 | Spider:1 | Entered Level 1 of the Spider Nest
 31598 | Spider:1 | Reached skill level 17 in Axes
 32950 | Orc:2    | Bought a glowing scarf for 248 gold pieces
 33259 | Orc:1    | Noticed Snorg
 33271 | Orc:1    | Killed Snorg
 33271 | Orc:1    | Reached skill level 6 in Necromancy
 33822 | Spider:2 | Reached XP level 16. HP: 120/149 MP: 15/15
 33823 | Spider:2 | Reached skill level 11 in Dodging
 34218 | Spider:2 | Reached skill level 10 in Throwing
 34241 | Spider:2 | HP: 37/149 [demonic crawler (5)]
 34247 | Spider:2 | HP: 34/149 [poisoned by a wolf spider]
 34253 | Spider:2 | HP: 32/149 [poisoned by a wolf spider]
 34260 | Spider:2 | HP: 32/149 [poisoned by a wolf spider]
 34267 | Spider:2 | HP: 32/149 [poisoned by a wolf spider]
 34275 | Spider:2 | HP: 33/149 [poisoned by a wolf spider]
 34866 | Spider:2 | Noticed Arachne
 34898 | Spider:2 | Killed Arachne
 36978 | Spider:2 | HP: 36/151 [poisoned by a redback]
 36983 | Spider:2 | HP: 29/151 [poisoned by a redback]
 36988 | Spider:2 | HP: 24/151 [poisoned by a redback]
 36993 | Spider:2 | HP: 20/151 [poisoned by a redback]
 36998 | Spider:2 | HP: 18/151 [poisoned by a redback]
 37004 | Spider:2 | HP: 17/151 [poisoned by a redback]
 37010 | Spider:2 | HP: 17/151 [poisoned by a redback]
 37018 | Spider:2 | HP: 18/151 [poisoned by a redback]
 37747 | Spider:3 | Reached skill level 16 in Armour
 37885 | Spider:3 | Reached skill level 16 in Fighting
 38712 | Spider:3 | Reached skill level 18 in Axes
 38734 | Spider:3 | Reached skill level 1 in Charms
 38942 | Spider:4 | Entered Level 4 of the Spider Nest
 40988 | Spider:4 | Reached XP level 17. HP: 158/158 MP: 1/16
 41046 | Spider:4 | Reached skill level 7 in Necromancy
 41491 | Spider:4 | Reached skill level 2 in Charms
 42187 | Spider:3 | Reached skill level 12 in Dodging
 42192 | Spider:3 | HP: 38/159 [wolf spider (9)]
 43051 | Spider:3 | Reached skill level 11 in Throwing
 45185 | Spider:4 | Got a gossamer rune of Zot
 45542 | Shoals:1 | Entered Level 1 of the Shoals
 45561 | Shoals:1 | Reached skill level 3 in Charms
 45912 | Shoals:1 | Reached skill level 19 in Axes
 47026 | Shoals:2 | Noticed Kirke
 47040 | Shoals:2 | Noticed Ilsuiw
 47041 | Shoals:2 | Killed Kirke
 47072 | Shoals:2 | Killed Ilsuiw
 47304 | Shoals:2 | Noticed Roxanne
 47339 | Shoals:2 | Killed Roxanne
 47556 | Shoals:2 | Noticed Louise
 47576 | Shoals:2 | Cast into level 2 of the Abyss (Louise)
 47639 | Abyss:2  | Got an ancient leather armour
 47654 | Abyss:2  | HP: 37/160 [starcursed mass/accursed screaming (7)]
 47705 | Abyss:2  | HP: 39/160 [revenant/ghostly fireball (6)]
 47715 | Abyss:2  | Found a corrupted altar of Lugonu.
 47726 | Abyss:2  | HP: 29/160 [??? (17)]
 47736 | Abyss:2  | HP: 31/160 [spatial maelstrom (2)]
 47745 | Abyss:2  | HP: 21/160 [??? (11)]
 47795 | Abyss:2  | Noticed a lich
 47798 | Abyss:2  | Killed a lich
 47820 | Abyss:2  | Found a corrupted altar of Lugonu.
 47961 | Abyss:2  | Noticed a bone dragon
 47967 | Abyss:2  | Noticed a bone dragon
 48056 | Abyss:2  | Noticed a tentacled monstrosity
 48116 | Abyss:2  | Reached skill level 6 in Shields
 48133 | Shoals:2 | Escaped the Abyss
 48146 | Shoals:2 | Noticed Polyphemus
 48148 | Shoals:2 | Killed Louise
 48148 | Shoals:2 | Reached XP level 18. HP: 56/168 MP: 9/17
 48148 | Shoals:2 | HP: 38/168 [manticore/volley of spikes (18)]
 48179 | Shoals:2 | HP: 38/168 [sea snake (12)]
 48880 | Shoals:2 | Killed Polyphemus
 48949 | Shoals:2 | Reached skill level 17 in Armour
 49803 | Shoals:3 | Reached skill level 17 in Fighting
 50062 | Shoals:3 | Identified the +1 leather armour of Words of Power {Stlth+}
                  | (You found it on level 2 of the Abyss)
 50180 | Shoals:3 | Found a runed translucent gate.
 50180 | Shoals:3 | Found a runed translucent gate.
 50180 | Shoals:3 | Found a runed translucent gate.
 50185 | Shoals:3 | Noticed Aske's ghost (adept GrGl)
 50663 | Shoals:3 | Reached skill level 4 in Charms
 51179 | Shoals:3 | Found Buahy's Gadget Emporium.
 51249 | Shoals:4 | Entered Level 4 of the Shoals
 51377 | Shoals:4 | Got a clouded brass ring
 51378 | Shoals:4 | Identified the ring of Guaxkupn {*Drain rPois EV+2 Dex+3}
                  | (You found it on level 4 of the Shoals)
 51784 | Shoals:4 | Reached skill level 13 in Dodging
 51784 | Shoals:4 | Reached skill level 7 in Shields
 52659 | Shoals:4 | Got a barnacled rune of Zot
 53197 | Shoals:4 | Reached skill level 12 in Throwing
 53843 | Shoals:4 | Reached skill level 20 in Axes
 54428 | Shoals:3 | Killed Aske's ghost
 54797 | Vaults:1 | Entered Level 1 of the Vaults
 55133 | Vaults:1 | Reached skill level 8 in Necromancy
 55418 | Vaults:1 | Reached skill level 8 in Shields
 56226 | Vaults:1 | Reached XP level 19. HP: 164/177 MP: 18/18
 57047 | Vaults:1 | Got an iridescent arbalest
 57048 | Vaults:1 | Identified the +8 arbalest of Ash {flame, *Slow Str+4
                  | Dex+4} (You found it on level 1 of the Vaults)
 57454 | Vaults:2 | Reached skill level 9 in Shields
 57919 | Vaults:2 | Noticed Rupert
 57933 | Vaults:2 | Noticed Asterion
 57939 | Vaults:2 | Killed Rupert
 57949 | Vaults:2 | Killed Asterion
 57949 | Vaults:2 | Reached skill level 18 in Fighting
 57949 | Vaults:2 | Reached skill level 18 in Armour
 57949 | Vaults:2 | Reached skill level 14 in Dodging
 58530 | Vaults:2 | Reached skill level 9 in Necromancy
 59487 | Vaults:2 | Noticed Donald
 60315 | Vaults:3 | Reached XP level 20. HP: 189/189 MP: 19/19
 60479 | Vaults:3 | Noticed Boris
 60504 | Vaults:3 | Killed Boris
 60504 | Vaults:3 | Reached skill level 15 in Dodging
 60891 | Vaults:3 | Reached skill level 19 in Armour
 60901 | Vaults:3 | Found a staircase to the Crypt.
 60916 | Vaults:3 | Reached skill level 19 in Fighting
 61039 | Vaults:3 | Paralysed by a great orb of eyes for 7 turns
 62717 | Vaults:4 | Cast into level 3 of the Abyss (a lich)
 62717 | Abyss:3  | Found a corrupted altar of Lugonu.
 62770 | Abyss:3  | Paralysed by accursed screaming for 1 turns
 63141 | Abyss:3  | Reached skill level 20 in Armour
 63153 | Abyss:3  | Reached skill level 20 in Fighting
 63164 | Vaults:4 | Escaped the Abyss
 63341 | Vaults:4 | HP: 46/193 [??? (44)]
 63344 | Vaults:4 | HP: 3/193 [mirror damage (32)]
 65590 | Vaults:2 | Killed Donald
 65851 | Orc:1    | Learned a level 4 spell: Animate Dead
 65853 | Orc:1    | Learned a level 1 spell: Apportation
 65856 | Orc:1    | Learned a level 2 spell: Passwall
 65944 | Depths:1 | Entered Level 1 of the Depths
 65944 | Depths:1 | Found a gateway to Hell.
 66099 | Depths:1 | Reached XP level 21. HP: 201/201 MP: 20/20
 66211 | Depths:1 | Reached skill level 5 in Charms
 66666 | Depths:1 | Reached skill level 10 in Shields
 66670 | Depths:1 | Paralysed by a vampire knight for 7 turns
 67401 | Depths:1 | Found a one-way gate leading to the halls of Pandemonium.
 67811 | Depths:1 | Reached skill level 11 in Shields
 67891 | Depths:1 | Reached skill level 10 in Necromancy
 68378 | Depths:1 | Reached skill level 12 in Shields
 69055 | Depths:2 | Got a pitted leather armour
 69056 | Depths:2 | Identified the cursed +1 leather armour of Catatonia {rPois
                  | rN+ Int+2} (You found it on level 2 of the Depths)
 69376 | Depths:2 | Reached skill level 13 in Shields
 69974 | Depths:2 | Reached skill level 14 in Shields
 70150 | Depths:2 | Found a runed translucent door.
 70664 | Depths:2 | Reached skill level 15 in Shields
 70839 | Depths:2 | Found a one-way gate to the infinite horrors of the Abyss.
 70854 | Depths:2 | Found a portal to a secret trove of treasure.
 71304 | Depths:3 | Noticed Boris
 71325 | Depths:3 | Killed Boris
 71660 | Depths:3 | Found an iron altar of Okawaru.
 71684 | Depths:3 | Reached XP level 22. HP: 194/209 MP: 21/21
 71781 | Depths:3 | Reached skill level 16 in Dodging
 71853 | Depths:3 | HP: 47/209 [fire dragon (6)]
 71867 | Depths:3 | HP: 30/209 [stone giant/large rock (32)]
 71874 | Depths:3 | HP: 19/209 [stone giant (10)]
 71904 | Depths:3 | Noticed a caustic shrike
 71904 | Depths:3 | HP: 38/209 [tengu reaver/bolt of lightning (36)]
 71911 | Depths:3 | Killed a caustic shrike
 71919 | Depths:3 | HP: 42/209 [ogre mage/+0 whip (6)]
 71927 | Depths:3 | HP: 39/209 [something (3)]
 71935 | Depths:2 | HP: 19/209 [tengu reaver/bolt of acid (23)]
 71935 | Depths:2 | HP: 6/209 [acid (13)]
 72199 | Depths:3 | Paralysed by a vampire knight for 3 turns
 72829 | Depths:3 | Found a gateway to a ziggurat.
 72920 | Depths:3 | Reached skill level 13 in Throwing
 73112 | Depths:3 | Learned a level 2 spell: Blink
 73788 | Depths:4 | Found a corrupted altar of Lugonu.
 74522 | Depths:4 | Noticed a caustic shrike
 74522 | Depths:4 | Noticed a caustic shrike
 74522 | Depths:4 | Noticed a caustic shrike
 74522 | Depths:4 | Noticed a caustic shrike
 74522 | Depths:4 | Noticed a caustic shrike
 74587 | Depths:4 | Noticed Jory
 74703 | Depths:4 | Noticed Frederick
 74822 | Depths:3 | Killed Jory
 76712 | Depths:4 | Killed Frederick
 76817 | Depths:4 | Identified the ring of Saihabb {rN+ Int+4 Dex+5}
 76880 | Depths:4 | HP: 28/211 [titan/bolt of lightning (36)]
 76899 | Depths:4 | HP: 2/211 [fire giant/bolt of fire (44)]
 76900 | Depths:4 | Killed from afar by a fire giant

Skill      XL: |  1  2  3  4  5  6  7  8  9 10 11 12 13 14 15 16 17 18 19 20 21 22 |
---------------+-------------------------------------------------------------------+-----
Axes           | 4 5 6 8 10 11 13 14 15 16 17 18 19 20 | 20.7
Fighting       | 4 5 6 7 9 10 11 13 15 16 17 18 20 | 20.7
Armour         | 1 2 3 4 6 7 8 9 10 14 15 16 17 18 20 | 20.8
Throwing       | 1 2 3 5 6 7 9 10 11 12 13 | 13.5
Dodging        | 4 6 7 8 10 11 12 13 14 15 16 | 16.7
Stealth        | 3 |  3.0
Necromancy     | 2 3 4 5 6 7 8 9 10 | 10.0
Shields        | 2 5 6 8 9 15 | 15.0
Charms         | 1 3 4 5 |  5.0

Action                   |  1- 3 |  4- 6 |  7- 9 | 10-12 | 13-15 | 16-18 | 19-21 | 22-24 || total
-------------------------+-------+-------+-------+-------+-------+-------+-------+-------++-------
Melee: Hand axe          |    91 |    55 |       |       |       |       |       |       ||   146
       Headbutt          |    13 |    14 |    61 |    98 |   303 |   327 |   455 |   122 ||  1393
       War axe           |       |    54 |   359 |   449 |  1342 |   850 |       |       ||  3054
       Flail             |       |       |       |     5 |       |       |       |       ||     5
       Whip              |       |       |       |       |    25 |       |       |       ||    25
       Broad axe         |       |       |       |       |       |   702 |  1591 |   372 ||  2665
       Spear             |       |       |       |       |       |       |    59 |       ||    59
       Demon trident     |       |       |       |       |       |       |    17 |       ||    17
       Hunting sling     |       |       |       |       |       |       |     1 |       ||     1
       Mace              |       |       |       |       |       |       |    61 |    45 ||   106
 Fire: Hunting sling     |     5 |     2 |    52 |   402 |   579 |   866 |   460 |   180 ||  2546
Throw: Javelin           |     4 |     6 |     3 |     6 |    12 |     6 |     2 |     1 ||    40
 Cast: Animate Skeleton  |       |       |       |    40 |   175 |    95 |   132 |    17 ||   459
       Regeneration      |       |       |       |       |       |       |    73 |    21 ||    94
Invok: Sacrifice Experie |     1 |       |       |       |       |       |       |       ||     1
       Sacrifice Courage |       |       |     1 |       |       |       |       |       ||     1
       Power Leap        |       |       |     1 |       |       |       |     1 |       ||     2
       Sacrifice Resista |       |       |     1 |       |       |       |       |       ||     1
       Apocalypse        |       |       |       |     1 |     3 |     5 |     5 |     1 ||    15
       Draw Out Power    |       |       |       |       |     2 |       |     1 |     3 ||     6
Evoke: Wand              |       |       |     1 |       |     2 |       |     2 |       ||     5
       Lamp of fire      |       |       |       |       |       |     1 |       |     1 ||     2
       Box of beasts     |       |       |       |       |       |       |       |     1 ||     1
  Use: Scroll            |       |       |    12 |    20 |    21 |    16 |     8 |     5 ||    82
       Potion            |       |       |     2 |     1 |     5 |     5 |     3 |     5 ||    21
 Stab: Sleeping          |     1 |       |     1 |       |       |       |       |       ||     2
       Invisible         |       |     2 |     1 |     8 |    17 |    36 |    19 |       ||    83
       Distracted        |       |     1 |       |     5 |    19 |     8 |    21 |     6 ||    60
       Paralysed         |       |       |       |     5 |    11 |    26 |    19 |       ||    61
       Confused          |       |       |       |       |     1 |     7 |     1 |       ||     9
       Petrified         |       |       |       |       |       |     3 |       |       ||     3
       Petrifying        |       |       |       |       |       |     2 |       |       ||     2
  Eat: Chunk             |     4 |     5 |    12 |    34 |    59 |    47 |    50 |    21 ||   232
       Ration            |       |       |       |       |     1 |     9 |     6 |     1 ||    17
Armor: Chain mail        |    61 |    57 |   105 |       |   350 |       |       |       ||   573
       Ring mail         |       |       |    59 |    77 |    31 |       |       |       ||   167
       Skin              |       |       |       |       |    27 |       |       |       ||    27
       Ice dragon scales |       |       |       |       |    21 |   758 |   439 |   112 ||  1330
Dodge: Dodged            |    49 |    42 |   175 |   271 |   572 |  1359 |   847 |   196 ||  3511
Block: Buckler           |       |       |       |     8 |   302 |   662 |   253 |       ||  1225
       Shield            |       |       |       |       |       |       |   374 |   232 ||   606
       Reflection        |       |       |       |       |       |       |    10 |    27 ||    37

Levels and vault maps discovered:
D:1:      dpeg_arrival_rhombi, layout_basic
D:2:      layout_basic, led_sif_pool, nicolae_ru_awakened_eye
D:3:      layout_basic, lemuel_crystal_altar, grunt_gozag_statues
D:4:      layout_rooms, minmay_temple_entry_sparse_star,
          ebering_ghost_rock_garden, lemuel_tele_altar
D:5:      layout_basic, first_ration, uniq_eustachio
D:6:      layout_rooms, nicolae_qazlal_general_emergency,
          overflow_temple_1_default
D:7:      layout_basic, enter_bailey_2, uniq_joseph, uniq_prince_ribbit1
D:8:      corexii_shantytown, layout_basic, kiku_gazebo_garden_becter,
          ebering_ghost_gozag
D:9:      layout_basic, kennysheep_mini, grunt_temple_overflow_cloverleaf,
          kennysheep_mini_moat, blue_anna_alchemist [blue_anna_fruit_fields,
          blue_anna_fruit_fields], serial_park_tiny_pond, uniq_pikel
D:10:     layout_rooms, dpeg_lair_monsters
D:11:     layout_roguey, dk_vineyard_3, uniq_erica
D:12:     layout_basic, orc_david_3, minivault_20, uniq_erolcha, uniq_jorgrun
D:13:     layout_long_grid, david_defended_altar_orc, uniq_maurice
D:14:     wad_pebble_path, layout_basic, serial_shops,
          nicolae_shop_behind_doors, onia_ninara_cookie
D:15:     grunt_enter_depths_hoard, layout_cave_pods, serial_park_tiny_1,
          nemelex_diamond_rough_becter
Temple:   jpeg_temple_clearing
Lair:1:   beast_lair_carwin_large_1, layout_misc_corridors, serial_bayou_pond_b,
          chequers_serial_rivers_micro_e, hibernation_bobbens
Lair:2:   layout_regular_city, minmay_shoals_entry_centaurs,
          serial_bayou_shore_a
Lair:3:   layout_roguey, nicolae_spider_entry_non_spiders
Lair:4:   layout_cave_pods, beast_lair_carwin_11
Lair:5:   layout_regular_city, nicolae_slime_entry_slimehenge, lemuel_fruit_tree
Lair:6:   minmay_lair_end_enchanted_forest, layout_gridlike
Shoals:1: layout_shoals
Shoals:2: layout_shoals, hangedman_shoals_cup_caves, uniq_polyphemus,
          uniq_ilsuiw, uniq_kirke, uniq_roxanne, uniq_louise
Shoals:3: layout_shoals, serial_shops, shop_fountains,
          gammafunk_ghost_necromancy
Shoals:4: shoals_end_grunt_ice, layout_shoals
Spider:1: layout_spider_delve, nicolae_spider_webbed_stairs
Spider:2: layout_spider_delve, drop_trap, uniq_arachne
Spider:3: layout_spider_delve, drop_trap, minivault_29
Spider:4: johnstein_spider_rune_arachne_lair
Orc:1:    layout_caves, serial_shops, nicolae_shop_waterfront, uniq_snorg,
          uniq_gastronok
Orc:2:    grunt_orc_community_town_hall, layout_caves,
          grunt_orc_community_big_house_2, grunt_orc_community_big_house_2,
          grunt_orc_community_house_1, grunt_orc_community_house_1,
          grunt_orc_community_house_1, grunt_orc_community_house_3,
          grunt_orc_community_house_3, portal_ice_cave_entry_animals_and_master
Vaults:1: v_misc_25, vaults_room_pool, v_misc_30, v_misc_8,
          nicolae_vaults_yaktaur_gun_rack, nicolae_vaults_asterisk,
          grunt_vaults_twisty, v_rooms_2, v_alt_pattern_2, v_misc_30,
          layout_vaults_omnicross
Vaults:2: hangedman_vaults_variations, sword_in_stone, nicolae_vaults_arrows,
          v_misc_25, nicolae_vaults_sealed_display,
          nicolae_vaults_network_square, ontoclasm_vaults_idyll,
          hangedman_vaults_hat, nicolae_vaults_little_squares_4, v_misc_10,
          vaults_dpeg_diagonal, ontoclasm_vaults_fault,
          ontoclasm_vaults_loading_screen, vaults_dpeg_doors,
          ontoclasm_vaults_pinch, layout_vaults_maze, uniq_donald
Vaults:3: minmay_crypt_entry_skeletal_spiral, vaults_mumra_chevron,
          st_more_cells, nicolae_vaults_little_squares_1,
          layout_vaults_omnigrid, uniq_boris
Vaults:4: v_misc_12, vaults_room_stairs_pillars, vaults_dpeg_ring,
          nicolae_vaults_big_ls, nicolae_vaults_ninety_degrees, v_alt_pattern_4,
          v_misc_15, vaults_mumra_minichess, ontoclasm_vaults_misaligned,
          vaults_mumra_lcd, hangedman_vaults_maws, hangedman_vaults_maws,
          layout_vaults_omnibox
Depths:1: layout_gridville, hangedman_abyss_or_decor_lesser_grid,
          rand_demon_pan_entry_5, hell_entry, dk_noncrumbling_3, minivault_10,
          minmay_protected_statue
Depths:2: hangedman_surveillance_ring, layout_gridlike, abyss_entry, pan_entry,
          nicolae_trove_entry_free_sample, hangedman_coc_ice_floe,
          wad_floor_pattern_untrapped, minmay_acid_items,
          minmay_staircase_bubble
Depths:3: minmay_the_grid_octo_tiled_octocenter
          [minmay_the_grid_octo_concentric, minmay_the_grid_octo_clover_2,
          minmay_the_grid_octo_vomiting_pacman, minmay_the_grid_octo_empty,
          minmay_the_grid_octo_prize_star, minmay_the_grid_square_5x5_inset,
          minmay_the_grid_square_5x5_fat_x,
          minmay_the_grid_square_5x5_almost_minimal,
          minmay_the_grid_square_5x5_eight], layout_gridlike, enter_ziggurat_c,
          minmay_misc_feat_four_crosses, hell_entry, rand_demon_pan_entry_1,
          abyss_entry
Depths:4: grunt_house_of_mirrors, layout_cave_pools, minmay_misc_feat_cross,
          hell_entry, abyss_entry_flame_altar, uniq_frederick, uniq_jory
Abyss:2
Abyss:3:  gammafunk_corrupted_shrine, minivault_28
IceCv:    ice_cave_caverns_03

Table legend:
 A = Turns spent in this place as a percentage of turns spent in the entire game.
 B = Non-inter-level travel turns spent in this place as a percentage of non-inter-level travel turns spent in the entire game.
 C = Inter-level travel turns spent in this place as a percentage of turns spent in this place.
 D = Turns resting spent in this place as a percentage of non-inter-level travel turns spent in this place.
 E = Turns spent auto-exploring this place as a percentage of non-inter-level travel turns spent in this place.
 F = Non-inter-level travel turns spent in this place divided by the number of levels of this place that you've seen.
                   A       B       C       D       E      F
               +-------+-------+-------+-------+-------+----------------------
         Total | 100.0 | 100.0 |   9.1 |  32.9 |  35.2 | 1626.2
       Dungeon |  25.3 |  24.1 |  13.6 |  25.4 |  45.4 | 1122.5
        Temple |   0.1 |   0.1 |  14.9 |   0.0 |  98.6 |  74.0
          Lair |  12.9 |  11.9 |  16.1 |  25.0 |  50.6 | 1382.7
        Shoals |  10.6 |  10.6 |   8.5 |  27.0 |  31.4 | 1860.5
   Spider Nest |  17.1 |  18.3 |   2.7 |  53.1 |  24.7 | 3193.0
  Orcish Mines |   4.4 |   4.3 |  10.6 |  17.1 |  33.5 | 1503.5
        Vaults |  13.2 |  13.4 |   7.8 |  30.1 |  36.6 | 2339.2
        Depths |  14.0 |  14.6 |   4.8 |  42.1 |  24.1 | 2555.8
         Abyss |   1.3 |   1.4 |   0.0 |   1.1 |   2.1 | 502.0
      Ice Cave |   1.2 |   1.3 |   0.0 |  19.8 |  32.5 | 913.0
               +-------+-------+-------+-------+-------+----------------------

Table legend:
 A = Kills in this place as a percentage of kills in entire the game.
 B = Kills by you in this place as a percentage of kills by you in the entire game.
 C = Kills by friends in this place as a percentage of kills by friends in the entire game.
 D = Other kills in this place as a percentage of other kills in the entire game.
 E = Experience gained in this place as a percentage of experience gained in the entire game.
 F = Experience gained in this place divided by the number of levels of this place that you have seen.
                   A       B       C       D       E      F
               +-------+-------+-------+-------+-------+----------------------
         Total | 100.0 | 100.0 | 100.0 | 100.0 | 100.0 | 19050.5
       Dungeon |  25.0 |  26.5 |  10.5 |  15.1 |   8.3 | 4549.7
          Lair |   9.7 |   9.1 |  19.1 |   3.8 |   4.9 | 6720.5
        Shoals |   9.7 |   8.3 |  25.7 |  11.3 |  12.0 | 24510.5
   Spider Nest |  14.6 |  15.8 |   0.0 |  15.1 |  14.5 | 29609.0
  Orcish Mines |   7.1 |   7.0 |   7.9 |   9.4 |   2.3 | 9340.0
        Vaults |  15.4 |  15.6 |  13.2 |  13.2 |  25.5 | 52253.8
        Depths |  13.9 |  13.0 |  20.4 |  28.3 |  28.9 | 59118.0
         Abyss |   2.5 |   2.6 |   2.6 |   1.9 |   2.5 | 10365.5
      Ice Cave |   2.0 |   2.1 |   0.7 |   1.9 |   1.1 | 9228.0
               +-------+-------+-------+-------+-------+----------------------
